 Dungeon Crawl Stone Soup version 0.29-a0-923-g6e406bff71 (webtiles) character file.

Game seed: 5047358660205069924

64 Garessta the Caller (level 4, -4/27 HPs)
             Began as an Octopode Summoner on July 28, 2022.
             Killed from afar by a white imp (10 damage)
             ... with a puff of frost
             ... summoned by Natasha
             ... on level 2 of the Dungeon.
             The game lasted 00:03:38 (1535 turns).

Garessta the Caller (Octopode Summoner)             Turns: 1535, Time: 00:03:39

Health: -4/27      AC:  1    Str:  7    XL:     4   Next: 12%
Magic:  1/8        EV: 13    Int: 19    God:
Gold:   49         SH:  5    Dex: 12    Spells: 0/9 levels left

rFire   . . .      SeeInvis .   b - +0 dagger
rCold   . . .      Faith    .   (no shield)
rNeg    . . .      Spirit   .   (helmet restricted)
rPois   .          Reflect  +   f - amulet of reflection
rElec   .          Harm     .   (no ring)
rCorr   .          Rampage  .   (no ring)
Will    .....                   (no ring)
Stlth   +++.......              (no ring)
HPRegen 0.09/turn               (no ring)
MPRegen 0.11/turn               (no ring)
                                (no ring)
                                (no ring)

@: no status effects
A: almost no armour, amphibious, 8 rings, camouflage 1, gelatinous body 1,
(nimble swimmer 1), tentacles
a: no special abilities


You were on level 2 of the Dungeon.
You visited 1 branch of the dungeon, and saw 2 of its levels.

You collected 49 gold pieces.

Inventory:

Hand Weapons
 b - a +0 dagger (weapon)
Jewellery
 f - an amulet of reflection (around mantle)
Scrolls
 d - a scroll of brand weapon {unknown}
 e - a scroll of blinking {unknown}
 g - a scroll of identify {unknown}
Potions
 a - a potion of magic
 c - a potion of invisibility {unknown}


   Skills:
 - Level 2.0 Dodging
 - Level 2.6 Stealth
 + Level 3.0 Spellcasting
 + Level 1.1 Hexes
 + Level 4.7 Summonings


You couldn't memorise any spells.
You knew the following spells:

 Your Spells              Type           Power      Damage    Failure   Level
a - Call Canine Familiar  Summ           20%        N/A       7%          3
b - Summon Guardian Gole  Hex/Summ       14%        N/A       14%         3
c - Summon Small Mammal   Summ           80%        N/A       2%          1
d - Call Imp              Summ           20%        N/A       3%          2

Your spell library contained the following spells:

 Spells                   Type           Power      Damage    Failure   Level
 Summon Lightning Spire   Summ/Air       11%        N/A       50%         4


Dungeon Overview and Level Annotations

Branches:
Dungeon (2/15)

Altars:
Ru

Shops:
D:1 (

Annotations:
D:2 Natasha


Innate Abilities, Weirdness & Mutations

You cannot wear most types of armour.
You are amphibious.
You can wear up to eight rings at the same time.
Your skin changes colour to match your surroundings (Stealth+).
Your rubbery body absorbs attacks. (AC +1, EV +1)
((You are camouflaged when in or above water. (Stealth+)))
You have tentacles for arms and can constrict up to eight enemies at once.


Message History

f - an amulet of reflection
g - a scroll labelled KUIV ERIGOOC You start putting on your amulet.
You continue putting on your amulet of reflection. x5
You finish putting on your amulet of reflection.
You feel a shielding aura gather around you.
f - an amulet of reflection (around mantle)
A kobold and Natasha come into view.
Found 2 cyan potions and 5 stones.
A guardian golem appears, shielding your allies.
The kobold shouts!
Natasha stares at you and mumbles some strange words.
The magic dart hits you! Natasha claws your hound!
Your hound bites Natasha.
A beastly little devil appears in a puff of flame.
Natasha claws your hound!
Your hound bites Natasha.
A bat comes into view.
Your hound closely misses Natasha.
Natasha claws your hound.
Your hound dies!
Your hound's corpse disappears in a puff of smoke!
Your crimson imp blinks!
Natasha claws your guardian golem.
Natasha casts a spell.
Natasha claws your guardian golem.
You hit the white imp but do no damage. Your grab misses the white imp.
Natasha claws your guardian golem but does no damage.
You block the white imp's attack.
You hit the white imp but do no damage. Your grab misses the white imp.
You squeeze the white imp.
The white imp is heavily wounded.
Natasha claws your guardian golem!
Your guardian golem overheats!
The white imp hits you. The white imp freezes you.
The white imp attacks as you move away! The white imp hits you.
The white imp freezes you.
* * * LOW HITPOINT WARNING * * *
Natasha claws your guardian golem! Flame seeps out of your guardian golem.
The white imp gestures at you. The puff of frost hits you!
You die...

.. .(# #... ...# ##.
.# .. ##.. .# .#.
#.!.##.5##.# ...#
#..bKh9..@.#
#..###...###.######
#...##.# #........#
+...##.###....9...#
#...##.#..........#
#..###.#.#........#
###...##.#.#........#
......##.#.#........#
####..##.#.#........#


You could see Natasha (ally target), a white imp (summoned), a bat, a kobold and
a friendly guardian golem (summoned, inner flame).

Vanquished Creatures
  Natasha (D:2)
  2 ball pythons (D:1)
  5 bats
  2 giant cockroaches (D:1)
  A goblin (D:1)
  3 hobgoblins
  2 quokkas (D:1)
  A frilled lizard (D:1)
  A kobold (D:2)
18 creatures vanquished.

Vanquished Creatures (collateral kills)
  A ball python (D:1)
  3 endoplasms
  4 goblins (D:1)
  2 hobgoblins (D:1)
  2 jackals (D:1)
  A kobold (D:1)
  A frilled lizard (D:1)
14 creatures vanquished.

Vanquished Creatures (others)
  24 plants (D:1)
24 creatures vanquished.

Grand Total: 56 creatures vanquished

Notes
Turn   | Place    | Note
-------+----------+-------------------------------------------
     0 | D:1      | Garessta the Octopode Summoner began the quest for the Orb.
     0 | D:1      | Reached XP level 1. HP: 11/11 MP: 3/3
   119 | D:1      | Reached XP level 2. HP: 10/17 MP: 0/5
   282 | D:1      | Learned a level 2 spell: Call Imp
   366 | D:1      | Found Vuzuciol's Antique Weapon Boutique.
   675 | D:1      | Reached XP level 3. HP: 21/21 MP: 6/6
   679 | D:1      | Learned a level 3 spell: Call Canine Familiar
  1132 | D:2      | Noticed Natasha
  1144 | D:2      | Killed Natasha
  1145 | D:2      | Reached skill level 1 in Hexes
  1145 | D:2      | Reached XP level 4. HP: 23/27 MP: 4/8
  1151 | D:2      | Learned a level 3 spell: Summon Guardian Golem
  1285 | D:2      | Found a sacrificial altar of Ru.
  1523 | D:2      | Noticed Natasha
  1535 | D:2      | Killed from afar by a white imp

Illustrated notes

Levels and vault maps discovered:
D:1:      dpeg_arrival_tiny_f, layout_rooms, serial_bayou, serial_bayou_pond_c,
          serial_bayou_pond_c, serial_bayou_pond_c, serial_bayou_pond_b,
          serial_shops, shop, nrook_loot_triangle
D:2:      layout_basic, basic_altar, nrook_mini_vaults, minmay_heptomino_w4,
          uniq_natasha

Skill      XL: |  1  2  3  4 |
---------------+-------------+-----
Hexes          | 1 |  1.1
Spellcasting   | 3 |  3.0
Dodging        | |  2.0
Stealth        | |  2.6
Summonings     | |  4.7

Action                   |  1- 3 |  4- 6 || total
-------------------------+-------+-------++-------
Melee: Unarmed           |     3 |       ||     3
       Dagger            |    34 |    12 ||    46
       Constrict         |    10 |     1 ||    11
       Tentacles         |    12 |     1 ||    13
       Punch             |     2 |       ||     2
 Cast: Summon Small Mamm |     9 |       ||     9
       Call Imp          |     6 |     1 ||     7
       Call Canine Famil |     3 |     1 ||     4
       Summon Guardian G |       |     1 ||     1
 Stab: Sleeping          |     5 |     1 ||     6
Armor: Skin              |     1 |       ||     1
Dodge: Dodged            |    34 |     6 ||    40
Block: Other             |       |     1 ||     1

Table legend: (Time is in decaauts)
 A = Elapsed time spent in this place.
 B = Non-inter-level travel time spent in this place.
 C = Inter-level travel time spent in this place.
 D = Time resting spent in this place.
 E = Time spent auto-exploring this place.
 F = Levels seen in this place.
 G = Mean time per level.
                   A        B        C        D        E       F      G
               +--------+--------+--------+--------+--------+-----+--------+
         Total |   1540 |   1520 |     20 |      0 |   1214 |   2 |  770.0 |
       Dungeon |   1540 |   1520 |     20 |      0 |   1214 |   2 |  770.0 |
               +--------+--------+--------+--------+--------+-----+--------+

Top non-repeatable levels by time:
     D:1: 1100 daAuts
     D:2: 440 daAuts
